 Dungeon Crawl Stone Soup version 0.27-a0-1154-gfdeffcb (webtiles) character file.

Game seed: 17713713119269025825

7 Meow the Stinger (level 2, 22/22 HPs)
             Began as a Naga Venom Mage on May 14, 2021.
             Quit the game on level 1 of the Dungeon.
             The game lasted 00:00:39 (310 turns).

Meow the Stinger (Naga Venom Mage)                   Turns: 310, Time: 00:00:40

Health: 22/22      AC:  1    Str: 10    XL:     2   Next: 4%
Magic:  4/5        EV:  9    Int: 15    God:
Gold:   7          SH:  0    Dex: 11    Spells: 4/5 levels left

rFire    . . .     SeeInvis +   (no weapon)
rCold    . . .     Faith    .   (no shield)
rNeg     . . .     Spirit   .   a - +0 robe
rPois    +         Reflect  .   (no helmet)
rElec    .         Harm     .   (no cloak)
rCorr    .         Rampage  .   (no gloves)
Will     .....                  (no barding)
Stlth    ++........             (no amulet)
HPRegen  0.07/turn              (no ring)
MPRegen  0.09/turn              (no ring)

@: short of breath, very slow
A: AC +0, large, see invisible, deformed body, poison resistance, slowness 2,
spit poison 1, naga tail 1
a: Spit Poison


You were on level 1 of the Dungeon.
You visited 1 branch of the dungeon, and saw 1 of its levels.

You collected 7 gold pieces.

Inventory:

Armour
 a - a +0 robe (worn)


   Skills:
 - Level 1.5 Dodging
 + Level 3.4 Stealth
 + Level 2.2 Spellcasting
 - Level 1.0 Transmutations
 + Level 4.2 Poison Magic


You had 4 spell levels left.
You knew the following spells:

 Your Spells              Type           Power      Damage    Failure   Level
a - Sting                 Tmut/Pois      36%        1d4       8%          1

Your spell library contained the following spells:

 Spells                   Type           Power      Damage    Failure   Level
 Poisonous Vapours        Pois/Air       16%        N/A       14%         2
 Ignite Poison            Fire/Tmut/Pois 6%         N/A       32%         3
 Mephitic Cloud           Conj/Pois/Air  5%         N/A       36%         3
 Olgreb's Toxic Radiance  Pois           14%        N/A       36%         4


Dungeon Overview and Level Annotations

Branches:
Dungeon (1/15)

Altars:


Innate Abilities, Weirdness & Mutations

Your serpentine skin is tough. (AC +0)
You have supernaturally acute eyesight. (SInv)
Armour fits poorly on your strangely shaped body.
Your system is resistant to poisons. (rPois)
You cover ground very slowly.
You can spit poison.
You have a snake-like lower body.


Message History

Press: ? - help, Shift-Dir - straight line, f/p - quokka
Aim: a quokka (moderately wounded, poisoned)
The splash of poison misses the quokka.
The quokka bites you.
Unknown command.
You kill the quokka!
Unknown command.
You start resting.
You have got your breath back.
You start resting.
Magic restored.
You start resting.
HP restored.
A dart slug comes into view.
Press: ? - help, Shift-Dir - straight line, f - dart slug
Aim: a dart slug (asleep)
The splash of poison hits the dart slug!
You kill the dart slug!
You have reached level 2!
You have got your breath back.
A ball python comes into view.
Found a scale mail.
The ball python hisses angrily.
You hear an angry hiss.
A frilled lizard comes into view.
Press: ? - help, Shift-Dir - straight line, f - ball python
Aim: a ball python The splash of poison hits the ball python.
The ball python is poisoned.
You kill the ball python!
You have got your breath back.
Press: ? - help, Shift-Dir - straight line, f - frilled lizard
Aim: a frilled lizard The splash of poison misses the frilled lizard.
Casting: Sting (safe; 8% risk of failure)
Confirm with . or Enter, or press ? or * to list all spells.
Aiming: Sting (safe; 8% risk of failure)
Press: ? - help, Shift-Dir - straight line, f/p - frilled lizard
Aim: a frilled lizard (48% to hit)
The sting misses the frilled lizard.
Unknown command.
Are you sure you want to abandon this character and quit the game? (Confirm with "yes".)

....[.......##.##..##.##
....#...#...#..#..#.#..
....#...##..#.#.#..###
###.....#..#...#..#.#.##
#.8......##......##.##..
+............##..#.##.#.
+.....l##..#..#...#.####
#.8.....#...#...#..#...#
###....@..#.#.....#.###.
##..##...###....#...#.#.
#####..#...#....#....##.##.#
...........#.......#...##.#.
############################


You could see a frilled lizard.

Vanquished Creatures
  A dart slug (D:1)
  An endoplasm (D:1)
  A hobgoblin (D:1)
  A quokka (D:1)
  A ball python (D:1)
5 creatures vanquished.

Notes
Turn   | Place    | Note
-------+----------+-------------------------------------------
     0 | D:1      | Meow the Naga Venom Mage began the quest for the Orb.
     0 | D:1      | Reached XP level 1. HP: 15/15 MP: 3/3
   290 | D:1      | Reached XP level 2. HP: 22/22 MP: 5/5
   310 | D:1      | Quit the game

Illustrated notes

Levels and vault maps discovered:
D:1:      erik_arrival_cave_to_civilisation [erik_arrival_cave_to_temple],
          layout_basic

Action                   || total
-------------------------++-------
 Cast: Sting             ||     4
 Abil: Spit Poison       ||     8
Armor: Robe              ||     1

Table legend: (Time is in decaauts)
 A = Elapsed time spent in this place.
 B = Non-inter-level travel time spent in this place.
 C = Inter-level travel time spent in this place.
 D = Time resting spent in this place.
 E = Time spent auto-exploring this place.
 F = Levels seen in this place.
 G = Mean time per level.
                   A        B        C        D        E       F      G
               +--------+--------+--------+--------+--------+-----+--------+
         Total |    351 |    351 |      0 |    193 |    118 |   1 |  351.0 |
       Dungeon |    351 |    351 |      0 |    193 |    118 |   1 |  351.0 |
               +--------+--------+--------+--------+--------+-----+--------+

Top non-repeatable levels by time:
     D:1: 351 daAuts
